AoeStats
← The king

Black Forest

509564510Analyzed
4v4 RM · 5d ago on Sep 27, 2026· 70m 13s· 8 players
Game mode
Random Map
Map size
Large (8 player)
Population
200
Speed
Normal
Resources
Standard
Victory
Conquest
Starting age
Dark Age
Ending age
Imperial Age
RankedLock teamsTeams togetherTeam positionsShared explorationLock speedFull tech treeHidden civsTurbo modeCheats
Victory
Defeat
🇨🇳 Bulgarians · China
1140
+14
🇻🇳 Khmer · Vietnam
1079
+16
🇹🇼 Danes · Taiwan
1072
+17
🇭🇰 Bohemians · Hong Kong SAR China
1039
+18
🇫🇷 Celts · France
1154
-19
🇨🇦 Danes · Canada
1118
-18
🇬🇧 Wu · United Kingdom
1055
-15
🇲🇽 Hindustanis · Mexico
1019
-13
KhmerEmpire9164
2:13 Loom
16:29 Feudal Age
20:21 Castle Age
18:04 Fishing Lines
19:04 Double-Bit Axe
19:34 Stone Mining
21:26 Wheelbarrow
21:45 Bow Saw
21:32 Horse Collar
22:28 Heavy Plow
23:35 Gillnets
28:55 Hand Cart
29:07 Gold Mining
34:27 Imperial Age
33:51 Husbandry
34:01 Bloodlines
33:12 Light Cavalry
33:59 Scale Barding Armor
34:04 Forging
34:51 Chain Barding Armor
34:28 Murder Holes
34:42 Heavy Scorpion
35:40 Double Crossbow
35:16 Hussar
37:35 Plate Barding Armor
37:46 Siege Engineers
38:42 Chemistry
38:02 Ballistics
39:23 Fortified Wall
40:11 Conscription
41:21 Iron Casting
40:49 Town Watch
44:38 Gold Shaft Mining
45:38 Blast Furnace
45:46 Stone Shaft Mining
48:24 Cavalier
48:26 Elite Battle Elephant
52:07 Crop Rotation
57:32 Onager
57:48 Onager
code monkey HK
0:45 Loom
13:58 Feudal Age
18:58 Double-Bit Axe
21:11 Fletching
30:15 Castle Age
31:37 Wheelbarrow
30:47 Town Watch
31:52 Scale Mail Armor
31:47 Bodkin Arrow
31:53 Padded Archer Armor
32:03 Forging
32:05 Bow Saw
31:39 Horse Collar
33:51 Chemistry
33:59 Leather Archer Armor
37:49 Fishing Lines
38:50 Heavy Plow
41:29 Masonry
41:39 Ballistics
41:15 Murder Holes
41:33 Masonry
46:55 Imperial Age
44:41 Hand Cart
46:05 Chain Mail Armor
46:26 Iron Casting
48:58 Ring Archer Armor
48:34 Scale Barding Armor
48:59 Plate Mail Armor
49:30 Two-Man Saw
48:47 Elite Skirmisher
49:37 Bracer
50:37 Blast Furnace
54:36 Pikeman
55:17 Squires
55:02 Arson
57:31 Guilds
57:21 Caravan
57:21 Halberdier
61:44 Architecture
61:20 Siege Engineers
61:37 Bombard Tower
63:36 Chain Barding Armor
63:30 Wagenburg Tactics
63:31 Hussite Reforms
63:46 Conscription
62:47 Elite Hussite Wagon
69:45 Sappers
寶島岡山之鬼
0:31 Loom
11:46 Feudal Age
13:04 Double-Bit Axe
17:15 Castle Age
16:38 Wheelbarrow
16:24 Fishing Lines
19:41 Bow Saw
27:01 Hand Cart
The king
1:04 Loom
11:36 Feudal Age
16:12 Castle Age
14:57 Double-Bit Axe
24:48 Wheelbarrow
27:25 Horse Collar
31:03 Scale Barding Armor
31:48 Forging
33:55 Bloodlines
35:26 Iron Casting
35:19 Gold Mining
37:06 Fletching
37:34 Husbandry
38:41 Chain Barding Armor
40:53 Imperial Age
38:28 Scale Mail Armor
39:05 Gold Shaft Mining
39:34 Heavy Plow
40:52 Chain Mail Armor
40:58 Bow Saw
43:18 Blast Furnace
43:44 Plate Barding Armor
43:27 Hand Cart
44:05 Stirrups
44:22 Elite Skirmisher
45:07 Thumb Ring
46:17 Plate Mail Armor
46:09 Conscription
45:45 Stone Mining
45:45 Town Watch
46:53 Bodkin Arrow
47:54 Stone Shaft Mining
47:38 Town Patrol
48:03 Bracer
48:25 Padded Archer Armor
49:13 Bagains
48:56 Capped Ram
50:10 Leather Archer Armor
50:31 Crop Rotation
50:01 Elite Konnik
51:02 Siege Ram
53:15 Siege Engineers
55:35 Chemistry
59:12 Ballistics
62:05 Caravan
66:13 Light Cavalry
69:09 Hussar
Maverick
0:28 Loom
12:27 Feudal Age
18:05 Castle Age
16:34 Double-Bit Axe
17:10 Horse Collar
34:26 Imperial Age
33:05 Wheelbarrow
32:36 Heavy Plow
34:28 Hand Cart
34:21 Squires
34:24 Pikeman
36:47 Grand Trunk Road
37:47 Conscription
37:23 Heavy Camel Rider
39:49 Imperial Camel Rider
41:18 Bloodlines
41:10 Town Watch
41:49 Husbandry
42:58 Scale Barding Armor
43:03 Forging
43:30 Town Patrol
44:29 Hoardings
45:07 Iron Casting
44:03 Light Cavalry
44:57 Gold Mining
46:48 Chemistry
46:29 Chain Barding Armor
47:42 Shatagni
48:42 Bow Saw
48:12 Hussar
49:34 Padded Archer Armor
50:09 Plate Barding Armor
50:05 Masonry
49:34 Elite Skirmisher
50:36 Leather Archer Armor
52:37 Blast Furnace
52:52 Ballistics
52:38 Siege Engineers
53:12 Fletching
53:53 Ring Archer Armor
54:55 Bodkin Arrow
56:35 Scale Mail Armor
59:28 Murder Holes
59:05 Elite Skirmisher
64:38 Thumb Ring
64:54 Bracer
youtube.com/@Murkwilect
4:56 Loom
11:21 Feudal Age
15:13 Castle Age
14:41 Horse Collar
14:49 Double-Bit Axe
16:36 Bow Saw
23:42 Scale Mail Armor
26:49 Chain Mail Armor
26:45 Forging
28:13 Gold Mining
30:48 Wheelbarrow
32:46 Imperial Age
31:11 Squires
34:01 Iron Casting
32:51 Elite Varangian Guard
37:29 Conscription
38:09 Hand Cart
38:57 Blast Furnace
38:27 Plate Mail Armor
37:27 Hamask
37:50 Onager
38:46 Fletching
39:31 Northmen's Fury
40:23 Gambesons
40:27 Arson
42:26 Hoardings
42:47 Siege Onager
43:36 Siege Engineers
44:33 Chemistry
43:28 Murder Holes
43:54 Ballistics
43:44 Masonry
44:38 Pikeman
47:33 Caravan
47:39 Halberdier
SeaLs
4:57 Loom
11:21 Feudal Age
11:46 Horse Collar
11:55 Double-Bit Axe
18:21 Castle Age
21:13 Bloodlines
21:05 Husbandry
23:51 Forging
23:47 Scale Barding Armor
28:59 Gold Mining
36:13 Imperial Age
34:20 Wheelbarrow
34:27 Gold Shaft Mining
36:07 Chain Barding Armor
35:59 Heavy Plow
37:25 Ballistics
38:05 Chemistry
36:41 Heavy Hei Guang Cavalry
38:05 Iron Casting
38:06 Plate Barding Armor
38:33 Elite Fire Archer
40:10 Conscription
42:11 Hand Cart
42:26 Sitting Tiger
44:48 Blast Furnace
44:34 Stone Mining
44:35 Light Cavalry
45:55 Stone Shaft Mining
45:18 Hussar
49:17 Fletching
49:27 Padded Archer Armor
50:09 Bodkin Arrow
50:36 Caravan
51:46 Bracer
52:02 Leather Archer Armor
54:36 Bow Saw
54:10 Pikeman
54:51 Squires
54:37 Arson
55:10 Scale Mail Armor
55:02 Halberdier
58:21 Chain Mail Armor
xan la brute
11:53 Feudal Age
16:49 Castle Age
15:36 Gold Mining
15:45 Double-Bit Axe
22:20 Horse Collar
22:50 Pikeman
23:36 Loom
26:54 Forging
26:45 Scale Mail Armor
28:09 Town Watch
32:49 Wheelbarrow
34:14 Chain Mail Armor
34:35 Iron Casting
42:10 Imperial Age
41:38 Gold Shaft Mining
44:03 Hand Cart
48:32 Ballistics
48:24 Masonry
49:32 Plate Mail Armor
49:05 Heavy Scorpion
51:29 Bow Saw
53:39 Scale Barding Armor
54:15 Fortified Wall
54:46 Caravan
55:03 Husbandry
55:37 Cavalier
58:17 Masonry
61:00 Guilds
63:53 Chain Barding Armor
65:12 Heavy Plow
65:41 Capped Ram
69:18 Onager
Connection lost

Rejoining the realm…

Still unreachable

The connection could not be restored.

Session expired

The server has moved on; the page needs a fresh start.